 Dungeon Crawl Stone Soup version 0.30-a0-358-g0d69a1922f (webtiles) character file.

Game seed: 356539421997371228

13 hikkokomori the Grasshopper (level 2, 0/17 HPs)
             Began as a Tengu Warper on Nov 11, 2022.
             Succumbed to a goblin's poison
             ... on level 1 of the Dungeon.
             The game lasted 00:00:54 (245 turns).

hikkokomori the Grasshopper (Tengu Warper)           Turns: 245, Time: 00:00:55

Health: 0/17       AC:  3    Str: 11    XL:     2   Next: 37%
Magic:  6/6        EV: 12    Int: 13    God:
Gold:   41         SH:  0    Dex: 13    Spells: 5/5 levels left

rFire   . . .      SeeInvis .    a - +0 mace
rCold   . . .      Faith    .    (no shield)
rNeg    . . .      Spirit   .    b - +0 leather armour
rPois   .          Reflect  .    (helmet restricted)
rElec   .          Harm     .    (no cloak)
rCorr   .          Rampage  .    (no gloves)
Will    .....                    (boots unavailable)
Stlth   +.........               (no amulet)
HPRegen 0.22/turn                (no ring)
MPRegen 0.10/turn                (no ring)

@: lethally poisoned (0 -> -1)
A: beak, talons 3
a: no special abilities


You were on level 1 of the Dungeon.
You visited 1 branch of the dungeon, and saw 1 of its levels.

You collected 41 gold pieces.

Inventory:

Hand Weapons
 a - a +0 mace (weapon)
 f - a +0 dagger of venom
Missiles
 d - 12 boomerangs of dispersal (quivered)
Armour
 b - a +0 leather armour (worn)
Scrolls
 c - a scroll of blinking
 e - 2 scrolls of identify {unknown}
 g - a scroll of fear {unknown}


   Skills:
 + Level 2.2 Fighting
 + Level 2.5 Maces & Flails
 - Level 1.0 Throwing
 - Level 1.1 Armour
 - Level 2.2 Dodging
 + Level 2.2 Spellcasting
 + Level 2.5 Translocations


You had 5 spell levels left.
You didn't know any spells.
Your spell library contained the following spells:

 Spells                   Type           Power      Damage    Failure   Level
 Blink                    Tloc           16%        N/A       17%         2
 Slow                     Hex            4%         N/A       32%         1
 Summon Small Mammal      Summ           4%         N/A       32%         1
 Lesser Beckoning         Tloc           16%        N/A       34%         3
 Teleport Other           Tloc           8%         N/A       34%         3
 Vhi's Electric Charge    Tloc/Air       8%         N/A       50%         3
 Call Canine Familiar     Summ           1%         N/A       69%         3
 Confusing Touch          Hex            1%         N/A       69%         3
 Summon Guardian Golem    Hex/Summ       1%         N/A       69%         3
 Vampiric Draining        Necr           1%         2d6       69%         3
 Manifold Assault         Tloc           8%         N/A       75%         4


Dungeon Overview and Level Annotations

Branches:
Dungeon (1/15)

Altars:


Innate Abilities, Weirdness & Mutations

You have a beak for a mouth.
You have claws for feet.


Message History

The ball python barely misses you. The ball python closely misses you.
The goblin hits you with a +0 dagger of venom.
You are lethally poisoned!
It was a potion of heal wounds.
You feel much better.
You feel very sick.
The ball python bites you but does no damage.
The ball python barely misses you. The goblin misses you.
You barely miss the goblin. Your kick misses the goblin.
The goblin is almost dead.
You feel very sick.
The ball python bites you but does no damage.
The ball python barely misses you. The goblin barely misses you.
The ball python barely misses you. The ball python closely misses you.
You closely miss the goblin. Your kick misses the goblin. You peck the goblin.
You kill the goblin!
You feel very sick. The ball python barely misses you.
The ball python grabs you. The ball python constricts you.
You escape the ball python's grasp.
You feel sick. The ball python misses you. The ball python grabs you.
The ball python constricts you.
Things that are here:
a +0 dagger of venom; a goblin corpse You barely miss the ball python.
You peck the ball python.
The ball python is moderately wounded.
* * * LOW HITPOINT WARNING * * *
You feel sick. The ball python bites you.
* * * LOW HITPOINT WARNING * * *
The ball python constricts you. The ball python barely misses you.
The ball python constricts you.
You sock the ball python!
You kill the ball python!
* * * LOW HITPOINT WARNING * * *
You feel sick.
Unknown command.
f - a +0 dagger of venom
* * * LOW HITPOINT WARNING * * *
You feel sick.
* * * LOW HITPOINT WARNING * * *
You feel sick.
You die...

#....#.#........# #.~
####....#.#........#
#..
#.....#...#........#
#..
#.......###........#
#.... #...†.###
#........## #....
#...†.# ##........
#..... #.....# #..>..#
#.#..## ....#.# ###.#
#.... # ....#.# ##..@##
..... # ......#
####..#.†# .... #
......####....##.†....#
.#
.........#.#####..###.#
.. #####..#...####....
.# ##.............~ #
#.)...........≈# #
##.........###.~≈ #
#............ .≈≈#


There were no monsters in sight!

Vanquished Creatures
  An endoplasm (D:1)
  A goblin (D:1)
  2 hobgoblins (D:1)
  A quokka (D:1)
  3 ball pythons (D:1)
  2 bats (D:1)
  2 frilled lizards (D:1)
  A kobold (D:1)
13 creatures vanquished.

Notes
Turn   | Place    | Note
-------+----------+-------------------------------------------
     0 | D:1      | hikkokomori the Tengu Warper began the quest for the Orb.
     0 | D:1      | Reached XP level 1. HP: 12/12 MP: 4/4
   138 | D:1      | Reached XP level 2. HP: 17/17 MP: 6/6
   245 | D:1      | Succumbed to a goblin's poison

Illustrated notes

Levels and vault maps discovered:
D:1:      ebering_trefoil_3fold, layout_rooms, minmay_crystal_water,
          kennysheep_another_room

Action                   || total
-------------------------++-------
Melee: Mace              ||    24
       Kick              ||     4
       Peck              ||     4
Throw: Boomerang         ||     1
  Use: Potion            ||     1
Armor: Leather armour    ||     6
Dodge: Dodged            ||    25

Table legend: (Time is in decaauts)
 A = Elapsed time spent in this place.
 B = Non-inter-level travel time spent in this place.
 C = Inter-level travel time spent in this place.
 D = Time resting spent in this place.
 E = Time spent auto-exploring this place.
 F = Levels seen in this place.
 G = Mean time per level.
                   A        B        C        D        E       F      G
               +--------+--------+--------+--------+--------+-----+--------+
         Total |    252 |    252 |      0 |      0 |    180 |   1 |  252.0 |
       Dungeon |    252 |    252 |      0 |      0 |    180 |   1 |  252.0 |
               +--------+--------+--------+--------+--------+-----+--------+

Top non-repeatable levels by time:
     D:1: 252 daAuts
